Map: Molten Temple

Players

kyknos

  • Race: Terran Terran
  • Spawn Location: 3:00

FoRaWhiteGuy

  • Race: Protoss Protoss
  • Spawn Location: 3:00

flyingjule

  • Race: Zerg Zerg
  • Spawn Location: 3:00

Loken - Winner!

  • Race: Protoss Protoss
  • League: Platinum
  • Spawn Location: 9:00

dallaskuken - Winner!

  • Race: Protoss Protoss
  • League: Platinum
  • Spawn Location: 9:00

Myran - Winner!

  • Race: Protoss Protoss
  • Spawn Location: 9:00

VOD

Have the link to the VOD?

Description

Time

  • Played on: April 2, 2017, 6:45 p.m.
  • Length: 15:20
Show
View Real Time Build Order
Export as new Build Order

kyknos Terran 

Build Orders: Reaper Expand 

Get SALT Encoding   

  12  0:46  SCV  
  13  0:52  Supply Depot  
  13  0:58  SCV  
  13  1:04  Refinery  
  14  1:10  SCV  
  15  1:15  Barracks  
  15  1:19  Barracks  
  15  1:22  SCV  
  16  1:34  SCV  
  17  1:46  SCV  
  18  1:58  SCV  
  19  2:03  Reaper  
  19  2:06  Supply Depot  
  20  2:11  Orbital Command  
  20  2:12  Reaper  
  14  2:56  Reaper  
  3  3:48  Orbital Command  
  3  4:17  SCV  
  4  4:29  SCV  
  5  4:41  SCV  
  6  4:48  Marine  
  7  4:53  SCV  
  8  5:05  SCV  
  8  5:06  Marine  
  10  5:14  Bunker  
  10  5:18  Bunker, SCV  
  11  5:24  Marine  
  12  5:35  SCV  
  13  5:42  Marine  
  4  6:32  Orbital Command  
  3  7:13  SCV  
  3  7:25  SCV  
  4  7:37  SCV  
  5  7:49  SCV  
  6  8:01  SCV  
  7  8:13  SCV  
  8  8:25  SCV  
  9  8:28  Barracks x2  
  9  8:37  SCV  
  9  8:40  Refinery  
  10  8:50  SCV  
  11  9:02  SCV  
  12  9:14  SCV  
  13  9:19  Barracks Tech Lab  
  13  9:26  SCV  
  13  9:31  Marine  
  15  9:38  SCV  
  18  9:50  SCV  
  19  9:54  Marine  
  19  9:57  Marine  
  19  10:02  SCV  
  20  10:11  Marine  
  21  10:14  SCV  
  21  10:15  Marine, Stimpack  
  23  10:29  Marine  
  23  10:33  Marine  
  18  10:37  Command Center  
  18  10:47  Marine  
  19  10:50  SCV, Marine  
  21  11:03  SCV  
  22  11:05  Marine  
  22  11:08  Marine  
  22  11:18  SCV  
  22  11:23  Marine  
  23  11:26  Marine  
  23  11:32  SCV  
  25  11:40  Marine  
  25  11:44  SCV, Marine  
  28  11:51  Orbital Command  
  28  11:58  Marine  
  27  12:02  Marine  
  27  12:05  SCV  
  23  12:16  Marine  
  23  12:19  SCV, Marine  
  23  12:20  SCV  
  27  12:32  SCV x2  
  27  12:34  Marine  
  27  12:36  Barracks  
  30  12:37  Marine  
  30  12:38  Barracks  
  30  12:44  SCV x2  
  33  12:52  Marine  
  33  12:55  Marine, Engineering Bay  
  35  12:58  SCV x2  
  37  13:09  Marine, Combat Shields  
  37  13:10  SCV  
  37  13:11  SCV  
  40  13:13  Marine  
  41  13:23  Marine  
  42  13:27  Marine  
  42  13:31  Marine  
  34  13:56  Barracks Reactor  
  34  14:00  Barracks Reactor x3  
  31  14:04  Marine  
  32  14:21  Marine  
  33  14:37  Marine  
  33  14:38  Marine x5  
  39  14:39  Marine  
  40  14:47  Supply Depot  
  40  14:48  Supply Depot  
  40  14:55  Marine x4  
  40  14:56  Marine x2  
  46  15:04  Supply Depot  
Show
View Real Time Build Order
Export as new Build Order

FoRaWhiteGuy Protoss 

Build Orders:  

Get SALT Encoding   

  12  0:02  Probe (Chrono Boost)  
  13  0:12  Probe (Chrono Boost)  
  14  0:23  Pylon  
  14  0:28  Probe (Chrono Boost)  
  15  0:41  Probe (Chrono Boost)  
  16  0:43  Gateway  
  16  0:47  Assimilator  
  16  0:52  Probe (Chrono Boost)  
  18  1:18  Probe (Chrono Boost)  
  18  1:29  Probe (Chrono Boost)  
  19  1:39  Probe (Chrono Boost)  
  20  1:40  Cybernetics Core  
  20  1:42  Pylon  
  20  1:50  Assimilator, Probe (Chrono Boost)  
  21  1:57  Gateway  
  21  2:20  Stalker  
  23  2:24  Probe (Chrono Boost)  
  23  2:27  Warp Gate  
  24  2:36  Gateway  
  24  2:42  Gateway  
  24  2:45  Pylon  
  24  3:23  Stalker x2  
  24  3:24  Stalker  
  30  3:38  Stalker  
  32  3:52  Pylon  
  30  4:37  Twilight Council  
  30  4:42  Stalker  
  30  4:43  Stalker  
  30  4:45  Stalker  
  36  4:46  Stalker  
  38  4:55  Pylon  
  38  4:58  Forge  
  34  5:05  Zealot  
  32  5:07  Zealot  
  32  5:09  Zealot  
  36  5:29  Stalker  
  36  5:34  Blink  
  38  5:46  Stalker x3  
  34  6:05  Stalker  
  34  6:06  Stalker  
  38  6:25  Stalker  
  38  6:26  Stalker x2  
  44  6:34  Stalker  
  34  7:17  Stalker x4  
  42  7:32  Nexus  
  42  8:02  Stalker x2  
  42  8:03  Stalker x2  
  38  8:38  Stalker  
  38  8:39  Stalker x3  
  42  9:31  Stalker  
  42  9:32  Stalker x3  
  42  9:38  Probe (Chrono Boost)  
  52  9:40  Probe (Chrono Boost)  
  47  10:13  Stalker x2  
  51  10:16  Stalker  
  53  11:56  Nexus  
  53  12:29  Probe (Chrono Boost)  
  54  12:35  Pylon  
  54  12:40  Probe (Chrono Boost)  
  53  12:50  Probe (Chrono Boost)  
  49  13:01  Probe (Chrono Boost)  
Show
View Real Time Build Order
Export as new Build Order

flyingjule Zerg 

Build Orders: Hatch First 

Get SALT Encoding   

  12  0:04  Drone  
  13  0:15  Drone  
  13  0:20  Overlord  
  14  0:39  Drone x3  
  17  0:51  Drone  
  18  1:03  Drone  
  19  1:07  Hatchery  
  18  1:15  Spawning Pool  
  18  1:18  Drone  
  18  1:23  Drone  
  19  1:27  Extractor  
  18  1:34  Drone  
  19  1:46  Drone  
  20  1:55  Drone  
  20  2:00  Extractor  
  20  2:09  Overlord  
  20  2:11  Queen  
  22  2:20  Zergling x2  
  22  2:21  Queen  
  25  2:23  Zergling x2  
  25  2:29  Zergling x2  
  27  2:35  Zergling x2  
  28  2:42  Zergling x2  
  28  2:51  Drone x2  
  28  2:54  Zergling x2  
  31  3:03  Drone  
  31  3:04  Drone  
  33  3:09  Lair, Roach Warren  
  33  3:10  Drone  
  33  3:22  Drone x2  
  35  3:36  Overlord x2  
  35  3:37  Overlord x2  
  31  3:59  Zergling x2  
  31  4:00  Zergling x2  
  31  4:01  Roach x4  
  35  4:11  Zergling x2  
  35  4:12  Roach  
  37  4:24  Roach  
  37  4:25  Roach  
  37  4:26  Roach  
  43  4:42  Drone x2  
  43  4:43  Drone x4  
  49  4:47  Drone  
  49  4:48  Drone x2  
  52  4:55  Roach  
  54  5:04  Drone x3  
  54  5:06  Drone  
  58  5:08  Extractor  
  58  5:11  Extractor  
  56  5:20  Zergling x2  
  56  5:21  Roach x3  
  63  5:25  Drone  
  63  5:27  Drone  
  65  5:40  Drone x2  
  65  5:42  Overlord x2  
  67  5:47  Overlord x2  
  67  5:51  Glial Reconstitution  
  67  5:57  Evolution Chamber  
  66  5:59  Evolution Chamber  
  66  6:03  Roach x2  
  69  6:12  Roach x2  
  69  6:13  Roach  
  69  6:15  Roach  
  72  6:29  Roach x4  
  72  6:31  Zergling x2  
  81  6:35  Drone  
  81  6:36  Drone  
  69  6:49  Roach x3  
  69  6:51  Roach, Zergling x4  
  71  6:58  Drone  
  68  7:02  Drone  
  68  7:04  Zerg Ground Armor Level 1, Zerg Missile Weapons Level 1  
  60  7:23  Roach x4  
  60  7:24  Roach x3  
  60  7:28  Drone  
  61  8:01  Drone x2  
  61  8:02  Roach x4  
  61  8:03  Roach x2  
  61  8:04  Roach x2  
  71  8:32  Roach x2, Zergling x2  
  71  8:33  Roach x2  
  80  8:34  Zergling x4  
  80  8:35  Roach  
  76  8:44  Roach  
  76  8:45  Roach x3  
  82  9:12  Roach x3  
  82  9:14  Roach, Zergling x4  
  88  9:19  Zergling x2  
  88  9:20  Metabolic Boost, Zergling x4  
  88  9:23  Zerg Missile Weapons Level 2  
  88  9:24  Zerg Melee Weapons Level 1  
  88  9:28  Roach  
  88  9:39  Roach  
  88  9:40  Roach  
  88  9:41  Roach  
  94  9:51  Roach  
  98  9:52  Roach  
  98  9:55  Hatchery  
  97  10:04  Hydralisk Den  
  96  10:09  Spore Crawler  
  96  10:13  Spore Crawler x2  
  91  10:28  Overlord x2  
  91  10:29  Overlord x4  
  91  11:15  Hatchery  
  85  11:20  Overlord  
  85  11:21  Overlord  
  85  11:22  Overlord x4  
  85  11:23  Overlord x4  
  74  11:39  Zerg Ground Armor Level 2  
  70  11:42  Drone  
  69  11:52  Hydralisk Den, Drone  
  69  11:53  Drone x3  
  70  12:00  Drone x2  
  70  12:01  Drone  
  73  12:02  Queen  
  76  12:11  Hydralisk Den  
  76  12:14  Spore Crawler x2  
  73  12:16  Spore Crawler  
  73  12:17  Drone  
  73  12:18  Spore Crawler  
  72  12:30  Drone  
  72  12:33  Drone x3  
  72  12:34  Drone x2  
  72  12:36  Spore Crawler  
  72  12:37  Drone x2  
  78  12:43  Drone  
  80  12:46  Drone  
  83  13:00  Hydralisk x2  
  83  13:01  Hydralisk x2  
  83  13:02  Hydralisk  
  84  13:27  Overlord x3  
  84  13:29  Spore Crawler  
  84  13:30  Spore Crawler  
  84  13:31  Zergling x2, Spore Crawler  
  84  13:32  Spore Crawler  
  84  13:34  Spore Crawler  
  40  14:58  Extractor  
  40  14:59  Overlord x2  
  29  15:00  Overlord x3, Extractor  
Show
View Real Time Build Order
Export as new Build Order

Loken Protoss - Winner!

Build Orders:  

Get SALT Encoding   

  12  0:01  Probe (Chrono Boost)  
  13  0:12  Probe (Chrono Boost)  
  14  0:23  Probe (Chrono Boost)  
  15  0:35  Pylon  
  15  0:53  Probe (Chrono Boost)  
  15  0:56  Gateway  
  16  0:57  Gateway  
  16  1:02  Gateway  
  16  1:07  Probe (Chrono Boost)  
  17  1:15  Pylon  
  17  1:31  Pylon  
  17  1:44  Zealot x2  
  21  1:48  Zealot  
  21  1:50  Probe (Chrono Boost)  
  24  2:01  Probe (Chrono Boost)  
  25  2:11  Zealot x2, Probe (Chrono Boost)  
  30  2:15  Zealot  
  32  2:43  Zealot x3  
  38  2:46  Pylon  
  38  2:47  Pylon  
  38  3:10  Zealot x3  
  38  3:40  Cybernetics Core  
  36  3:41  Zealot x2  
  36  3:42  Zealot  
  34  3:52  Assimilator  
  32  3:56  Assimilator  
  32  3:59  Probe (Chrono Boost)  
  33  4:08  Zealot  
  33  4:09  Zealot x2, Probe (Chrono Boost)  
  40  4:23  Probe (Chrono Boost)  
  41  4:35  Stalker  
  43  4:41  Stalker  
  45  4:50  Stalker  
  47  5:05  Warp Gate  
  47  5:15  Stalker  
  47  5:17  Stalker  
  51  5:24  Pylon  
  51  5:26  Stalker  
  53  5:40  Pylon  
  53  5:41  Pylon  
  53  5:45  Stalker  
  51  6:01  Stalker x2  
  41  6:24  Stalker  
  39  6:31  Stalker x2  
  33  7:13  Stalker x3  
  39  7:28  Pylon  
  39  7:45  Stalker x3, Nexus  
  33  8:18  Stalker x3  
  31  8:42  Stalker  
  31  8:43  Stalker x2  
  37  8:54  Gateway x2  
  35  9:14  Stalker x2  
  35  9:15  Stalker  
  22  9:34  Probe (Chrono Boost)  
  23  9:41  Probe (Chrono Boost)  
  23  9:45  Probe (Chrono Boost)  
  25  9:52  Probe (Chrono Boost)  
  26  9:55  Probe (Chrono Boost)  
  27  10:02  Probe (Chrono Boost)  
  27  10:06  Probe (Chrono Boost)  
  29  10:16  Probe (Chrono Boost)  
  29  10:20  Pylon  
  30  10:22  Pylon  
  30  10:23  Pylon  
  22  11:16  Nexus  
  22  12:36  Pylon  
  22  13:21  Gateway  
  22  13:25  Assimilator  
  22  13:29  Assimilator  
  22  14:17  Cybernetics Core  
  22  14:20  Nexus  
  22  14:24  Probe (Chrono Boost), Nexus  
  23  14:37  Pylon  
  23  14:41  Pylon  
  23  14:55  Probe (Chrono Boost)  
  24  15:00  Pylon  
  24  15:02  Pylon  
  24  15:03  Forge  
  24  15:06  Probe (Chrono Boost)  
  25  15:08  Stargate  
  25  15:13  Stargate  
  25  15:15  Stargate  
  25  15:17  Assimilator  
Show
View Real Time Build Order
Export as new Build Order

dallaskuken Protoss - Winner!

Build Orders:  

Get SALT Encoding   

  12  0:09  Probe (Chrono Boost)  
  13  0:19  Probe (Chrono Boost)  
  14  0:26  Pylon  
  14  0:35  Pylon  
  14  0:39  Probe (Chrono Boost)  
  15  0:49  Probe (Chrono Boost)  
  16  0:56  Gateway  
  16  1:00  Probe (Chrono Boost)  
  17  1:07  Gateway  
  17  1:23  Gateway  
  17  1:32  Assimilator  
  17  1:37  Assimilator  
  17  1:47  Zealot  
  19  1:48  Cybernetics Core  
  19  1:54  Zealot  
  21  2:02  Pylon  
  21  2:15  Zealot x2  
  25  2:30  Zealot  
  27  2:50  Zealot  
  27  2:51  Zealot  
  29  3:05  Zealot  
  31  3:22  Zealot x2  
  35  3:41  Zealot  
  37  3:49  Zealot  
  35  4:15  Zealot  
  35  4:17  Stalker x2  
  29  4:42  Stalker  
  31  4:47  Pylon  
  31  4:50  Zealot  
  33  5:05  Stalker  
  35  5:19  Sentry  
  33  6:06  Stalker  
  33  6:07  Stalker x2  
  27  6:48  Zealot x3  
  27  7:09  Probe (Chrono Boost)  
  27  7:14  Stargate  
  27  7:15  Zealot  
  30  7:20  Probe (Chrono Boost)  
  25  8:02  Probe (Chrono Boost)  
  24  8:13  Probe (Chrono Boost)  
  23  8:23  Probe (Chrono Boost)  
  24  8:33  Void Ray  
  24  8:34  Probe (Chrono Boost)  
  27  8:58  Zealot, Nexus  
  27  8:59  Zealot, Pylon  
  31  9:25  Void Ray  
  30  10:05  Assimilator  
  30  10:08  Void Ray  
  30  10:10  Assimilator  
  30  10:11  Probe (Chrono Boost)  
  35  10:22  Probe (Chrono Boost)  
  36  10:32  Probe (Chrono Boost)  
  38  10:43  Probe (Chrono Boost)  
  38  10:46  Void Ray  
  38  10:53  Probe (Chrono Boost)  
  43  11:04  Probe (Chrono Boost)  
  44  11:10  Pylon  
  44  11:11  Pylon  
  44  11:13  Pylon  
  44  11:14  Probe (Chrono Boost)  
  45  11:23  Void Ray  
  49  12:00  Void Ray  
  53  12:09  Probe (Chrono Boost)  
  54  12:19  Probe (Chrono Boost)  
  55  12:30  Probe (Chrono Boost)  
  56  12:37  Void Ray  
  56  12:40  Probe (Chrono Boost)  
  61  13:15  Void Ray  
  65  13:52  Void Ray  
  52  14:29  Void Ray  
Show
View Real Time Build Order
Export as new Build Order

Myran Protoss - Winner!

Build Orders:  

Get SALT Encoding   

  12  0:01  Probe (Chrono Boost)  
  13  0:14  Probe (Chrono Boost)  
  13  0:19  Pylon  
  14  0:25  Probe (Chrono Boost)  
  15  0:40  Forge  
  15  0:51  Pylon  
  15  0:54  Probe (Chrono Boost)  
  16  1:04  Pylon, Probe (Chrono Boost)  
  17  1:14  Pylon  
  17  1:32  Probe (Chrono Boost)  
  18  1:37  Gateway  
  18  1:40  Pylon  
  18  1:43  Probe (Chrono Boost)  
  19  1:52  Pylon  
  19  2:01  Pylon  
  19  2:16  Photon Cannon  
  19  2:29  Photon Cannon  
  18  2:47  Probe (Chrono Boost)  
  18  2:48  Zealot  
  21  2:58  Probe (Chrono Boost)  
  22  3:00  Nexus  
  22  3:08  Probe (Chrono Boost)  
  22  3:09  Gateway  
  22  3:12  Pylon  
  23  3:16  Cybernetics Core  
  23  3:19  Probe (Chrono Boost)  
  24  3:20  Zealot  
  24  3:26  Assimilator  
  26  3:28  Assimilator  
  26  3:30  Probe (Chrono Boost)  
  27  3:40  Probe (Chrono Boost)  
  28  3:47  Zealot  
  30  3:51  Probe (Chrono Boost)  
  31  4:00  Warp Gate, Zealot  
  31  4:02  Probe (Chrono Boost)  
  34  4:10  Pylon  
  34  4:13  Probe (Chrono Boost)  
  34  4:14  Zealot  
  37  4:17  Pylon  
  37  4:20  Probe (Chrono Boost)  
  39  4:25  Probe (Chrono Boost)  
  40  4:31  Probe (Chrono Boost)  
  40  4:34  Stalker  
  40  4:37  Probe (Chrono Boost)  
  43  4:41  Zealot  
  45  4:49  Probe (Chrono Boost)  
  45  4:51  Probe (Chrono Boost)  
  47  4:54  Assimilator  
  47  4:59  Assimilator  
  48  5:01  Probe (Chrono Boost)  
  48  5:02  Probe (Chrono Boost)  
  49  5:07  Stalker  
  49  5:10  Stalker  
  49  5:12  Probe (Chrono Boost)  
  49  5:13  Probe (Chrono Boost)  
  55  5:23  Probe (Chrono Boost)  
  55  5:25  Probe (Chrono Boost)  
  57  5:37  Zealot  
  57  5:38  Probe x2 (Chrono Boost)  
  57  5:40  Zealot  
  63  5:46  Nexus  
  63  5:52  Probe (Chrono Boost)  
  63  5:53  Pylon  
  64  5:58  Probe (Chrono Boost)  
  65  6:05  Gateway  
  65  6:21  Zealot x2  
  69  6:28  Probe (Chrono Boost)  
  69  6:30  Probe (Chrono Boost)  
  71  6:39  Probe (Chrono Boost)  
  72  6:40  Pylon, Probe (Chrono Boost)  
  72  6:42  Pylon  
  72  6:44  Stalker  
  72  6:45  Stargate  
  72  6:47  Stargate  
  75  6:48  Stargate  
  75  6:49  Probe (Chrono Boost)  
  75  6:51  Probe (Chrono Boost)  
  75  7:00  Probe (Chrono Boost)  
  62  7:17  Stalker  
  62  7:18  Stalker  
  66  7:28  Probe (Chrono Boost)  
  67  7:38  Probe (Chrono Boost)  
  67  7:39  Void Ray x2  
  67  7:40  Void Ray  
  67  7:43  Probe (Chrono Boost)  
  81  7:45  Probe (Chrono Boost)  
  81  7:49  Stalker x3  
  88  7:53  Probe (Chrono Boost)  
  88  7:56  Probe (Chrono Boost)  
  88  7:58  Pylon  
  90  8:04  Probe (Chrono Boost)  
  91  8:06  Probe (Chrono Boost)  
  92  8:14  Probe (Chrono Boost)  
  92  8:17  Probe (Chrono Boost)  
  88  8:20  Zealot  
  88  8:21  Zealot x2  
  88  8:22  Void Ray x2  
  88  8:25  Probe (Chrono Boost)  
  93  8:27  Probe (Chrono Boost)  
  93  8:32  Gateway  
  94  8:34  Void Ray  
  94  8:38  Probe (Chrono Boost)  
  93  8:42  Probe (Chrono Boost)  
  93  8:46  Assimilator  
  93  8:48  Assimilator  
  94  8:53  Probe (Chrono Boost)  
  95  8:59  Pylon  
  95  9:01  Pylon  
  95  9:02  Zealot x3  
  99  9:03  Pylon  
  95  9:18  Void Ray  
  95  9:20  Void Ray  
  95  9:22  Void Ray  
  101  9:25  Stalker x2  
  100  10:01  Void Ray  
  100  10:03  Void Ray  
  100  10:05  Void Ray  
  108  10:44  Void Ray  
  108  10:45  Void Ray  
  108  10:47  Void Ray  
  116  11:27  Stalker x3, Void Ray  
  116  11:28  Void Ray  
  130  11:53  Pylon  
  130  11:55  Pylon  
  130  11:59  Pylon  
  130  12:00  Pylon  
  130  12:10  Void Ray  
  130  12:11  Void Ray x2  
  134  12:44  Protoss Air Weapons Level 1  
  134  12:53  Void Ray x2  
  134  12:54  Void Ray  
  142  13:36  Void Ray x2  
  142  13:39  Void Ray  
  142  13:53  Stalker x2  
  142  13:54  Stalker  
  146  13:55  Zealot  
  136  14:19  Void Ray x2  
  136  14:22  Void Ray  
  136  14:50  Probe (Chrono Boost)  
  123  15:01  Probe (Chrono Boost)  
Tags
 
Add a new tag
Caveats
  • Supply blocks, unpowered buildings, or Contaminate may cause inaccurate times.
  • Supply counts are checked every 10 seconds.